 Dungeon Crawl Stone Soup version 0.24-a0-537-g2d01d4ab0a (webtiles) character file.

Game seed: 12900958807621675685

74 GordonOverkill the Chopper (level 4, 0/35 HPs)
             Began as a Formicid Gladiator on Aug 16, 2019.
             Slain by a worker ant (5 damage)
             ... on level 4 of the Dungeon.
             The game lasted 00:04:00 (1861 turns).

GordonOverkill the Chopper (Formicid Gladiator)     Turns: 1861, Time: 00:04:00

Health: 0/35       AC:  4    Str: 19    XL:     4   Next: 54%
Magic:  4/4        EV: 13    Int:  8    God:
Gold:   86         SH:  0    Dex: 12    Spells: 3/3 levels left

rFire    . . .     SeeInvis +   a - +0 war axe
rCold    . . .     Gourm    .   (no shield)
rNeg     . . .     Faith    .   b - +1 leather armour
rPois    .         Spirit   .   (helmet unavailable)
rElec    .         Reflect  .   (no cloak)
rCorr    .         Harm     .   (no gloves)
MR       .....                  (no boots)
Stlth    +.........             (no amulet)
HPRegen  0.11/turn              (no ring)
MPRegen  0.09/turn              (no ring)

@: lethally poisoned (0 -> -7)
A: permanent stasis, dig shafts and tunnels, four strong arms, antennae 3
a: Dig, Shaft Self


You were on level 4 of the Dungeon.
You were not hungry.

You visited 1 branch of the dungeon, and saw 4 of its levels.

You collected 86 gold pieces.

Inventory:

Hand Weapons
 a - a +0 war axe (weapon)
Missiles
 c - 2 throwing nets
 e - 57 stones
 j - a boomerang (quivered)
Armour
 b - a +1 leather armour (worn)
Jewellery
 m - a +3 ring of intelligence {unknown}
Potions
 f - a potion of brilliance
Comestibles
 d - 2 rations


   Skills:
 + Level 3.0 Fighting
 + Level 3.5 Axes
 - Level 2.0 Throwing
 + Level 1.9 Armour
 + Level 3.2 Dodging


You had 3 spell levels left.
You didn't know any spells.
Your spell library was empty.

Dungeon Overview and Level Annotations

Branches:
Dungeon (2/15)

Altars:

Annotations:
D:3 Grinder


Innate Abilities, Weirdness & Mutations

You cannot be hasted, slowed, berserked, paralysed or teleported.
You can dig through walls and to a lower floor.
Your four strong arms can wield two-handed weapons with a shield.
You have a pair of large antennae on your head. (SInv)


Message History

You barely miss the worker ant.
The worker ant is heavily wounded.
The worker ant barely misses you. The worker ant bites you.
You hit the worker ant.
The worker ant is heavily wounded.
You feel sick. The worker ant bites you.
You are more poisoned.
The worker ant poisons you!
You hit the worker ant but do no damage.
The worker ant is heavily wounded.
You feel sick. The worker ant misses you. The worker ant closely misses you.
You hit the worker ant but do no damage.
The worker ant is heavily wounded.
You feel sick. The worker ant closely misses you.
You hit the worker ant but do no damage.
The worker ant is heavily wounded.
You feel sick. The worker ant bites you.
* * * LOW HITPOINT WARNING * * *
The worker ant bites you.
You die...

.#
#######..##
#..........
#.a........
#.@##....##
###..# ####
#....#
#....#
#....#
##...#
#####


You could see a worker ant.

Vanquished Creatures
  A hound (D:4)
  An adder (D:3)
  A dart slug (D:1)
  2 giant cockroaches
  3 goblins (D:1)
  3 hobgoblins (D:1)
  6 bats (D:1)
  2 frilled lizards (D:1)
  10 kobolds
  6 rats
35 creatures vanquished.

Notes
Turn   | Place    | Note
-------+----------+-------------------------------------------
     0 | D:1      | GordonOverkill the Formicid Gladiator began the quest for
                  | the Orb.
     0 | D:1      | Reached XP level 1. HP: 16/16 MP: 1/1
   155 | D:1      | Reached XP level 2. HP: 20/23 MP: 2/2
   802 | D:1      | Reached skill level 1 in Armour
   950 | D:1      | Reached XP level 3. HP: 27/28 MP: 3/3
  1443 | D:2      | You fall into a shaft and drop 1 floor!
  1608 | D:3      | Noticed Grinder
  1617 | D:3      | You fall into a shaft and drop 1 floor!
  1853 | D:4      | Reached XP level 4. HP: 23/35 MP: 4/4
  1861 | D:4      | Slain by a worker ant

Levels and vault maps discovered:
D:1:      tarquinn_simple_flora_water_d, layout_basic
D:2:      layout_loops_ring, first_ration
D:3:      layout_loops_cross, portal_sewer_entry_d, uniq_grinder
D:4:      layout_gridville, chequers_serial_rivers_room_b

Skill      XL: |  1  2  3 |
---------------+----------+-----
Armour         | 1 |  1.9
Dodging        | 3 |  3.2
Fighting       | 3 |  3.0
Axes           | |  3.5
Throwing       | |  2.0

Action                   |  1- 3 |  4- 6 || total
-------------------------+-------+-------++-------
Melee: War axe           |    63 |     8 ||    71
Throw: Stone             |    19 |       ||    19
       Throwing net      |     1 |       ||     1
       Boomerang         |    30 |       ||    30
 Abil: Shaft Self        |     2 |       ||     2
  Use: Scroll            |     3 |       ||     3
       Potion            |     3 |       ||     3
 Stab: Held in net/web   |     1 |       ||     1
  Eat: Chunk             |     2 |       ||     2
       Ration            |     1 |       ||     1
Armor: Leather armour    |    25 |       ||    25
Dodge: Dodged            |    63 |    10 ||    73

Table legend:
 A = Non-vault XP
 B = Vault XP
 C = Vault XP percentage of total XP
 D = Non-vault monster count
 E = Vault monster count
 F = Vault count percentage of total count
                 A         B        C        D         E       F
            +---------+---------+-------+---------+---------+-------
      Total |     107 |       0 |   0.0 |      35 |       0 |   0.0
            +---------+---------+-------+---------+---------+-------
        D:1 |      36 |       0 |   0.0 |      23 |       0 |   0.0
        D:2 |      15 |       0 |   0.0 |      10 |       0 |   0.0
        D:3 |      13 |       0 |   0.0 |       1 |       0 |   0.0
        D:4 |      43 |       0 |   0.0 |       1 |       0 |   0.0
            +---------+---------+-------+---------+---------+-------
